 Dungeon Crawl Stone Soup version 0.32-a0-42-ga30500b4d3 (webtiles) character file.

Game seed: 6336346801576140952

200 grandjackal the Trooper (level 5, -3/42 HPs)
             Began as a Demonspawn Gladiator on Jan 29, 2024.
             Slain by an orc
             ... wielding a +0 trident
              (4 damage)
             ... on level 5 of the Dungeon.
             The game lasted 00:03:43 (3053 turns).

grandjackal the Trooper (Demonspawn Gladiator)      Turns: 3053, Time: 00:03:43

Health: -3/42      AC:  7    Str: 14    XL:     5   Next: 49%
Magic:  5/5        EV: 10    Int:  9    God:
Gold:   174        SH:  0    Dex: 16    Spells: 4/4 levels left

rFire   . . .        a - +0 long sword
rCold   . . .        (no shield)
rNeg    . . .        p - +0 scale mail
rPois   .            c - +0 helmet
rElec   .            (no cloak)
rCorr   .            (no gloves)
SInv    .            (no boots)
Will    .....        l - amulet of magic regeneration Stlth
                     (no ring)
HPRegen 0.27/turn    (no ring)
MPRegen 0.49/turn

%: no passive effects
@: no status effects
A: weakness stinger 1
a: no special abilities


You were on level 5 of the Dungeon.
You visited 1 branch of the dungeon, and saw 5 of its levels.

You collected 210 gold pieces.
You spent 36 gold pieces at shops.

Inventory:

Hand Weapons
 a - a +0 long sword (weapon)
 i - a +0 rapier
 n - a +2 short sword of protection
 t - a +3 dagger
Missiles
 d - 3 throwing nets (quivered)
 e - a javelin
Armour
 c - a +0 helmet (worn)
 p - a +0 scale mail (worn)
Jewellery
 l - an amulet of magic regeneration (around neck)
Wands
 q - a wand of flame (18)
Scrolls
 b - a scroll of immolation {unknown}
 f - a scroll of vulnerability {unknown}
 g - a scroll of enchant armour {unknown}
 h - 3 scrolls of poison {unknown}
 j - a scroll of summoning {unknown}
 k - a scroll of identify {unknown}
 r - a scroll of noise {unknown}
 s - a scroll of revelation {unknown}
Potions
 m - 2 potions of curing
 o - 2 potions of mutation {unknown}


   Skills:
 + Level 4.1 Fighting
 - Level 4.0 Long Blades
 - Level 2.0 Throwing
 + Level 1.2 Armour
 - Level 3.0 Dodging


You had 4 spell levels left.
You didn't know any spells.
Your spell library contained the following spells:

 Spells                   Type           Power      Damage    Failure   Level
 Static Discharge         Conj/Air       0%         3-3/arc   95%         2
 Gell's Gravitas          Tloc           0%         N/A       99%         3
 Teleport Other           Tloc           0%         N/A       99%         3
 Leda's Liquefaction      Alch/Erth      0%         N/A       100%        4
 Conjure Ball Lightning   Conj/Air       0%         3x3d6     100%        6
 Dispersal                Tloc           0%         N/A       100%        6
 Maxwell's Capacitive Co  Air            0%         ∞         100%        8


Dungeon Overview and Level Annotations

Branches:
Dungeon (5/15)
 Temple: D:4-7

Altars:
Fedhas
Kikubaaqudgha
Sif Muna

Shops:
D:2 !

Annotations:
D:4 Dowan


Innate Abilities, Weirdness & Mutations

You have a small tail.


Message History

The orc wizard is lightly wounded.
The orc wizard casts a spell.
The orc wizard flickers and vanishes!
Deactivating autopickup; reactivate with Ctrl-A.
You hit something.
Your tail-slap misses something.
The orc hits you but does no damage.
The orc hits you from afar with a +0 trident.
The orc attacks as it pursues you! The orc hits you but does no damage.
You hit the orc.
The orc is moderately wounded.
The orc hits you with a +0 falchion.
You barely miss the orc.
The orc is moderately wounded.
The orc barely misses you. x2
You hit the orc but do no damage.
The orc is moderately wounded.
The orc hits you with a +0 falchion.
You hit the orc.
The orc is almost dead.
The orc misses you.
You closely miss the orc.
The orc is almost dead.
The orc hits you with a +0 falchion.
* * * LOW HITPOINT WARNING * * *
The orc hits you but does no damage.
You completely miss the orc.
The orc is almost dead.
The orc hits you with a +0 falchion.
* * * LOW HITPOINT WARNING * * *
The orc hits you but does no damage.
You hit the orc.
You kill the orc!
The orc hits you from afar with a +0 trident.
* * * LOW HITPOINT WARNING * * *
Something hits you.
* * * LOW HITPOINT WARNING * * *
You barely miss something. The orc closely misses you.
Something hits you but does no damage.
The orc hits you from afar with a +0 trident.
You die...

##.....## #.# ##...####
#.# ##...##.# #.#
#.....#.# #.#
##....#.###.#
♣#.o###..(##.#
♣...o........#
♣♣..###..###.####
♣.)#...#.##.)@.#
♣..#..#..##o##.#
♣..#.#......##.##########
♣####.[...).##...........
####.....####.######
#.......#####[#
#.#.....#.#....##### #
..#...#..####.....# ##
#...#.#...# #.###.... ...


You could see an orc.

Vanquished Creatures
  A jelly (D:5)
  A bombardier beetle (D:3)
  An orc wizard (D:5)
  3 adders (D:2)
  3 dart slugs (D:1)
  2 orcs (D:5)
  9 ball pythons
  8 endoplasms
  2 giant cockroaches (D:3)
  5 hobgoblins
  8 jackals
  7 quokkas
  8 bats
  2 frilled lizards
  4 goblins
  6 kobolds
  7 rats
77 creatures vanquished.

Notes
Turn   | Place    | Note
-------+----------+-------------------------------------------
     0 | D:1      | grandjackal the Demonspawn Gladiator began the quest for
                  | the Orb.
     0 | D:1      | Reached XP level 1. HP: 16/16 MP: 1/1
   135 | D:1      | Gained mutation: You have a small tail. [demonic ancestry]
   135 | D:1      | Reached XP level 2. HP: 21/22 MP: 2/2
   547 | D:1      | Reached XP level 3. HP: 28/28 MP: 3/3
  1319 | D:2      | Found Goihel's Distillery.
  1342 | D:2      | Bought a potion of curing for 36 gold pieces
  1390 | D:2      | Reached XP level 4. HP: 22/35 MP: 4/4
  1404 | D:2      | Found a faded altar of an unknown god.
  1575 | D:2      | Got the Almanac of Transformed Exhalation
  2272 | D:3      | Reached XP level 5. HP: 28/42 MP: 5/5
  2696 | D:3      | You fall into a shaft and drop 2 floors!
  2696 | D:5      | Entered Level 5 of the Dungeon
  2704 | D:4      | Noticed Dowan
  2859 | D:4      | Found an ancient bone altar of Kikubaaqudgha.
  2859 | D:4      | Found a blossoming altar of Fedhas.
  2912 | D:5      | Found a shimmering blue altar of Sif Muna.
  2975 | D:5      | Reached skill level 1 in Armour
  3052 | D:5      | HP: 2/42 [orc/+0 trident (6)]
  3053 | D:5      | Slain by an orc

Illustrated notes

Levels and vault maps discovered:
D:1:      dpeg_arrival_castle, layout_loops_corners
D:2:      layout_loops_corners, shapermc_ecumenical_altar_acropolis,
          serial_shops, shop
D:3:      layout_loops_ring, minmay_diced_spiral
D:4:      layout_loops_ring, nicolae_overflow_hidden_temple,
          serial_bayou_lagoon_a, uniq_duvessa
D:5:      layout_loops_ring, mainiacjoe_overflow_alcove_1,
          hellmonk_sif_muna_bookshelves, hangedman_decor_diamond_cutter,
          serial_bayou_ford_a

Skill      XL: |  1  2  3  4  5 |
---------------+----------------+-----
Throwing       | 2 |  2.0
Long Blades    | 3 4 |  4.0
Dodging        | 3 |  3.0
Fighting       | 3 4 |  4.1
Armour         | 1 |  1.2

Action                     |  1- 3 |  4- 6 || total
---------------------------+-------+-------++-------
  Melee: Long sword        |   128 |   104 ||   232
         Tailslap          |     9 |    10 ||    19
         Punch             |     1 |       ||     1
   Stab: Sleeping          |     3 |       ||     3
 Armour: Leather armour    |    80 |    16 ||    96
         Scale mail        |       |    64 ||    64
  Dodge: Dodged            |   100 |    46 ||   146

Table legend: (Time is in decaauts)
 A = Elapsed time spent in this place.
 B = Non-inter-level travel time spent in this place.
 C = Inter-level travel time spent in this place.
 D = Time resting spent in this place.
 E = Time spent auto-exploring this place.
 F = Levels seen in this place.
 G = Mean time per level.
                   A        B        C        D        E       F      G
               +--------+--------+--------+--------+--------+-----+--------+
         Total |   3110 |   3082 |     28 |    232 |   2113 |   5 |  622.0 |
       Dungeon |   3110 |   3082 |     28 |    232 |   2113 |   5 |  622.0 |
               +--------+--------+--------+--------+--------+-----+--------+

Top non-repeatable levels by time:
     D:1: 1119 daAuts
     D:2: 926 daAuts
     D:3: 701 daAuts
     D:5: 349 daAuts
     D:4: 13 daAuts
